 Dungeon Sprint DCSS version 0.16-a0-3803-gd4b2de5 (console) character file.

176094 Monkaria the Orcish Blade (level 16, -2/160 HPs)
             Began as a Hill Orc Fighter on Jan 26, 2015.
             Was the Champion of Makhleb.
             Killed from afar by a war gargoyle (31 damage)
             ... with a spray of metal splinters
             ... in the Dungeon (Sprint IX: "|||||||||||||||||||||||||||||").
             The game lasted 00:38:19 (7164 turns).

Monkaria the Orcish Blade (Hill Orc Fighter)        Turns: 7164, Time: 00:38:20

Health: -2/160     AC: 30    Str: 29    XL:     16   Next: 59%
Magic:  33/33      EV: 22    Int:  5    God:    Makhleb [******]
Gold:   1325       SH:  0    Dex: 18    Spells: 0 memorised, 15 levels left

rFire  + . .     SeeInvis .     H - +3 great sword {speed, Str+3 Dex+2}
rCold  + + .     Clarity  .     M - +1 plate armour {rF+}
rNeg   . . .     SustAb   .     (no shield)
rPois  +         Gourm    .     K - +0 hat "Umirokhlu" {rC++ Int-3 Stlth+}
rElec  .         Spirit   .     G - +2 cloak {+Inv}
rCorr  .         Warding  .     s - +1 pair of gloves
rMut   .         NoTele   +     E - +0 pair of boots
MR     +....                    (no amulet)
Stlth  ..........               R - +6 ring of dexterity
                                x - ring of poison resistance

@: very slightly contaminated, drained, somewhat resistant to hostile
enchantments, extremely unstealthy
A: no striking features
a: Minor Destruction, Lesser Servant of Makhleb, Major Destruction, Greater
Servant of Makhleb, Renounce Religion, Evoke Invisibility
}: 4/15 runes: decaying, serpentine, barnacled, gossamer


You were in the Dungeon.
You worshipped Makhleb.
Makhleb was exalted by your worship.
You were hungry.

You visited 1 branch You collected 1940 gold pieces.
You spent 615 gold pieces at shops.

Inventory:

Hand weapons
 a - a +0 blowgun
 p - a +3 scimitar of holy wrath
 r - a +7 great sword of flaming
 H - the +3 great sword of Psoileroisu (weapon) {speed, Str+3 Dex+2}
   (You bought it in a shop in the Dungeon)

   Attacks with this weapon are significantly faster.
   It affects your strength (+3).
   It affects your dexterity (+2).
 V - the +0 executioner's axe of Bloody Death {venom, rElec Str+4 Dex-3 Stlth+}
   (You found it in the Dungeon)

   It poisons the flesh of those it strikes.
   It affects your strength (+4).
   It affects your dexterity (-3).
   It insulates you from electricity.
   It makes you more stealthy.
Missiles
 c - 2 curare-tipped needles
 F - 4 tomahawks (quivered)
Armour
 l - a +3 ice dragon armour
 s - a +1 pair of gloves (worn)
 E - a +0 pair of boots (worn)
 G - a +2 cloak of invisibility (worn)
 K - the +0 hat "Umirokhlu" (worn) {rC++ Int-3 Stlth+}
   (You found it in the Dungeon)

   It affects your intelligence (-3).
   It greatly protects you from cold.
   It makes you more stealthy.
 L - a +1 helmet
 M - a +1 plate armour of fire resistance (worn)
 X - a +3 large shield
 Y - a +5 plate armour
Jewellery
 b - a +6 ring of intelligence
 q - an uncursed ring of protection from fire
 t - a +3 ring of intelligence
 u - a +2 ring of protection
 x - a ring of poison resistance (left hand)
 A - an uncursed ring of wizardry
 B - a +4 ring of protection
 I - an uncursed ring of see invisible
 R - a +6 ring of dexterity (right hand)
 S - a +6 ring of dexterity
 T - a +6 ring of intelligence
Magical devices
 o - a wand of cold (8)
Scrolls
 m - 4 scrolls of remove curse
 n - 2 scrolls of amnesia
 y - 6 scrolls of identify
 z - a scroll of fog
 Q - a scroll of fear
Potions
 e - a potion of might
 f - 5 potions of curing
 g - a potion of invisibility
 h - 2 potions of haste
 i - 4 potions of magic
 j - 2 potions of berserk rage
 v - 2 potions of agility
 w - a potion of restore abilities
 P - 6 potions of heal wounds
Comestibles
 d - 13 meat rations
 C - 40 fruits
 D - 10 bread rations
 J - 2 chunks of flesh


   Skills:
 - Level 19.1(18.6) Fighting
 - Level 25.0(24.4) Long Blades
 + Level 23.1(22.4) Armour
 - Level 21.2(20.6) Dodging
 - Level 10.1(9.6) Shields
 - Level 16.1(15.5) Invocations
 - Level 13.1(12.6) Evocations


You had 15 spell levels left.
You didn't know any spells.

Dungeon Overview and Level Annotations

Branches:
Dungeon (1/1)

Altars:
Cheibriados
Dithmenos
Elyvilon
Fedhas
Gozag
Kikubaaqudgha
Makhleb
Nemelex Xobeh
Okawaru
Qazlal
Ru
Sif Muna
Trog
Vehumet
Xom
Yredelemnul
Zin
The Shining One
Beogh
Jiyva
Lugonu

Shops:
D [[(%


Message History

The shadow dragon claws your cacodemon! The shadow dragon claws your cacodemon.
Your cacodemon hits the shadow dragon! x2
As you close the door, it creaks loudly!
A cacodemon opens the door.
The shadow dragon barely misses your cacodemon.
The shadow dragon claws your cacodemon.
The shadow dragon claws your cacodemon but does no damage.
Your cacodemon hits the shadow dragon.
Your cacodemon closely misses the shadow dragon.
The shadow dragon bites your cacodemon! The shadow dragon claws your cacodemon.
The shadow dragon claws your cacodemon.
Your cacodemon hits the shadow dragon!!
The shadow dragon dies!
Makhleb accepts your kill.
Your Armour skill increases to level 23!
Your cacodemon hits the war gargoyle but does no damage.
Your cacodemon hits the war gargoyle.
The war gargoyle launches metal splinters at you.
The spray of metal splinters hits your cacodemon.
The spray of metal splinters hits you!
You die...

▓▓▓▓▓▓▓▓▓▓▓▓▓▓▓▓▓▓▓▓▓▓▓▓▓▓▓▓▓▓▓▓
C..?%%D"C)D92'.@...))....)))))..
▓▓▓▓▓▓▓▓▓▓▓▓▓▓▓▓▓▓▓▓▓▓▓▓▓▓▓▓▓▓▓▓▓
.................................
♣♣▓▓▓▓▓▓▓▓▓▓▓▓▓▓▓▓▓▓▓▓▓▓▓▓▓▓▓▓▓▓▓
†'......)))))()(....(.(......†%..
♣♣▓▓▓▓▓▓▓▓▓▓▓▓▓▓▓▓▓▓▓▓▓▓▓▓▓▓▓▓▓▓▓
.................................
▓▓▓▓▓▓▓▓▓▓▓▓▓▓▓▓▓▓▓▓▓▓▓▓▓▓▓▓▓▓▓▓▓
..............[[.[[[.....))).....


You could see a shadow dragon, a frost giant, a war gargoyle and a friendly
cacodemon.

Vanquished Creatures
  A lich (D)
  A tentacled monstrosity (D)
  Frances (D)
  9 greater nagas (D)
  2 ghost moths (D)
  2 vault wardens (D)
  A frost giant (D)
  2 emperor scorpions (D)
  6 stone giants (D)
  An ironheart preserver (D)
  2 very ugly things (D)
  2 ettins (D)
  A merfolk javelineer (D)
  25 vault guards (D)
  A green death (D)
  A fire dragon (shapeshifter) (D)
  An ice dragon (D)
  2 merfolk impalers (D)
  2 yaktaur captains (D)
  2 great orbs of eyes (D)
  2 naga warriors (D)
  Harold (D)
  A fire dragon (D)
  6 ogre magi (D)
  2 centaur warriors (D)
  8 hydras (D)
  A merfolk aquamancer (D)
  3 orc high priests (D)
  2 death yaks (D)
  A sun demon (D)
  A spriggan berserker (D)
  A naga sharpshooter (D)
  A shadow wraith (D)
  2 spriggans (D)
  An ice devil (D)
  2 swamp dragons (D)
  3 ironbrand convokers (D)
  A deep elf summoner (D)
  5 orc knights (D)
  2 orc sorcerers (D)
  2 orb spiders (D)
  4 wolf spiders (D)
  A phantasmal warrior (D)
  2 moths of wrath (D)
  A siren (D)
  A hornet (D)
  2 vault sentinels (D)
  An orange demon (D)
  2 guardian serpents (D)
  2 spiny frogs (D)
  A black mamba (D)
  3 naga magi (D)
  A gargoyle (D)
  A komodo dragon (D)
  2 demonic crawlers (D)
  A troll (D)
  A yaktaur (D)
  A red devil (D)
  A boulder beetle (D)
  2 jumping spiders (D)
  2 redbacks (D)
  A slime creature (D)
  A wraith (D)
  A shadow (D)
  2 tarantellas (D)
  2 steam dragons (D)
  3 trapdoor spiders (D)
  A hippogriff (shapeshifter) (D)
  A naga (D)
  3 hippogriffs (D)
  2 mottled dragons (D)
  A vampire mosquito (D)
  2 water moccasins (D)
  An ice beast (D)
  2 swamp drakes (D)
  4 porcupines (D)
  11 orc warriors (D)
  2 centaurs (D)
  2 wasps (D)
  A crocodile (D)
  A giant frog (D)
  2 scorpions (D)
  A killer bee (D)
  A crimson imp (D)
  4 orc priests (D)
  A hound (D)
  5 hell rats (D)
  4 orc wizards (D)
  3 adders (D)
  2 river rats (D)
  A worm (D)
  13 orcs (D)
  A giant cockroach (D)
  A bat (D)
  A giant cockroach zombie (D)
  3 kobolds (D)
232 creatures vanquished.

Vanquished Creatures (collateral kills)
  A fire giant (D)
  A shadow dragon (D)
  Ilsuiw (D)
  A greater naga (D)
  A merfolk javelineer (D)
  A minotaur (D)
  4 merfolk impalers (D)
  An ettin (D)
  An ice dragon (D)
  A naga warrior (D)
  2 merfolk aquamancers (D)
  5 death yaks (D)
  A shock serpent (D)
  A hell knight (D)
  A shambling mangrove (D)
  A hill giant (D)
  A faun (D)
  A manticore (D)
  A siren (D)
  5 merfolk (D)
  A jumping spider (D)
  A giant leech (D)
  A raven (D)
  A snapping turtle (D)
  5 yaks (D)
  2 insubstantial wisps (D)
  A giant frog (D)
44 creatures vanquished.

Vanquished Creatures (others)
  An Executioner (D)
  4 balrugs (D)
  A cacodemon (D)
  A blizzard demon (D)
  2 green deaths (D)
  A deep elf knight (D)
  A vault sentinel (D)
  An adder simulacrum (D)
  A fungus (D)
13 creatures vanquished.

Grand Total: 289 creatures vanquished

Notes
Turn   | Place    | Note
--------------------------------------------------------------
     0 | D        | Monkaria, the Hill Orc Fighter, began the quest for the Orb.
     0 | D        | Reached XP level 1. HP: 19/19 MP: 1/1
    18 | D        | Reached skill level 4 in Fighting
    69 | D        | Noticed a centaur
    69 | D        | Noticed a centaur
    69 | D        | Noticed a crimson imp
    79 | D        | Killed a crimson imp
    79 | D        | Reached skill level 5 in Fighting
    79 | D        | Reached skill level 6 in Long Blades
    79 | D        | Reached XP level 2. HP: 22/30 MP: 2/2
    79 | D        | Reached XP level 3. HP: 27/37 MP: 3/3
    95 | D        | Killed a centaur
    95 | D        | Reached skill level 7 in Fighting
    95 | D        | Reached skill level 9 in Long Blades
    95 | D        | Reached XP level 4. HP: 31/48 MP: 4/4
    95 | D        | Reached XP level 5. HP: 34/53 MP: 5/5
    99 | D        | Killed a centaur
    99 | D        | Reached skill level 10 in Long Blades
   247 | D        | Found a glowing silver altar of Zin.
   247 | D        | Found a glowing golden altar of the Shining One.
   247 | D        | Found an ancient bone altar of Kikubaaqudgha.
   247 | D        | Found a basalt altar of Yredelemnul.
   247 | D        | Found a shimmering altar of Xom.
   247 | D        | Found a radiant altar of Vehumet.
   247 | D        | Found an iron altar of Okawaru.
   248 | D        | Found a burning altar of Makhleb.
   249 | D        | Found a deep blue altar of Sif Muna.
   250 | D        | Found a bloodstained altar of Trog.
   251 | D        | Found a sparkling altar of Nemelex Xobeh.
   252 | D        | Found a white marble altar of Elyvilon.
   253 | D        | Found a roughly hewn altar of Beogh.
   254 | D        | Found a viscous altar of Jiyva.
   255 | D        | Found a corrupted altar of Lugonu.
   256 | D        | Found a blossoming altar of Fedhas.
   257 | D        | Became a worshipper of Makhleb the Destroyer
   258 | D        | Found a snail-covered altar of Cheibriados.
   259 | D        | Found a shadowy altar of Dithmenos.
   260 | D        | Found a stormy altar of Qazlal.
   261 | D        | Found an opulent altar of Gozag.
   262 | D        | Found a sacrificial altar of Ru.
   317 | D        | Noticed a hippogriff
   317 | D        | Noticed a scorpion
   317 | D        | Noticed a troll
   317 | D        | Noticed a wraith
   317 | D        | Noticed a steam dragon
   320 | D        | Killed a scorpion
   320 | D        | Reached skill level 11 in Long Blades
   320 | D        | Reached XP level 6. HP: 55/63 MP: 6/6
   322 | D        | Acquired Makhleb's first power
   326 | D        | Killed a steam dragon
   326 | D        | Reached skill level 10 in Fighting
   326 | D        | Reached skill level 12 in Long Blades
   331 | D        | Killed a wraith
   331 | D        | Reached skill level 13 in Long Blades
   331 | D        | Reached XP level 7. HP: 35/73 MP: 7/7
   334 | D        | Killed a troll
   334 | D        | Acquired Makhleb's second power
   334 | D        | Reached skill level 15 in Long Blades
   340 | D        | Killed a hippogriff
   340 | D        | Reached XP level 8. HP: 23/80 MP: 8/8
   585 | D        | Noticed an orc warrior
   585 | D        | Noticed a centaur warrior
   585 | D        | Noticed a killer bee
   585 | D        | Noticed a hound
   589 | D        | Killed a hound
   593 | D        | Killed a killer bee
   593 | D        | Acquired Makhleb's third power
   605 | D        | Killed a centaur warrior
   605 | D        | Reached skill level 18 in Long Blades
   605 | D        | Reached XP level 9. HP: 82/86 MP: 9/9
   610 | D        | Killed an orc warrior
   618 | D        | Noticed a trapdoor spider
   625 | D        | Killed a trapdoor spider
   625 | D        | Acquired Makhleb's fourth power
   827 | D        | Noticed a spiny frog
   827 | D        | Noticed a water moccasin
   827 | D        | Noticed a crocodile
   827 | D        | Noticed a spiny frog
   827 | D        | Noticed a porcupine
   827 | D        | Noticed a komodo dragon
   839 | D        | Killed a komodo dragon
   842 | D        | Noticed a porcupine
   843 | D        | Killed a porcupine
   846 | D        | Acquired Makhleb's fifth power
   849 | D        | Killed a spiny frog
   853 | D        | Killed a crocodile
   862 | D        | Killed a water moccasin
   873 | D        | Killed a spiny frog
   873 | D        | Reached skill level 10 in Invocations
   877 | D        | Killed a porcupine
  1092 | D        | Noticed a porcupine
  1092 | D        | Noticed a porcupine
  1092 | D        | Noticed a hippogriff
  1092 | D        | Noticed a giant frog
  1092 | D        | Noticed a death yak
  1092 | D        | Noticed a yak
  1100 | D        | Killed a death yak
  1100 | D        | Reached XP level 10. HP: 84/94 MP: 23/25
  1101 | D        | Killed a yak
  1102 | D        | Killed a giant frog
  1103 | D        | Noticed a hippogriff
  1107 | D        | Killed a hippogriff
  1112 | D        | Killed a porcupine
  1115 | D        | Killed a porcupine
  1128 | D        | Killed a hippogriff
  1130 | D        | Noticed a steam dragon
  1138 | D        | Killed a steam dragon
  1212 | D        | Noticed a yak
  1212 | D        | Noticed a yak
  1212 | D        | Noticed a death yak
  1212 | D        | Noticed a yak
  1212 | D        | Noticed a death yak
  1212 | D        | Noticed a yak
  1212 | D        | Noticed a death yak
  1217 | D        | Killed a death yak
  1220 | D        | Killed a death yak
  1220 | D        | Reached skill level 10 in Armour
  1222 | D        | Killed a death yak
  1224 | D        | Killed a yak
  1225 | D        | Noticed a death yak
  1225 | D        | Killed a yak
  1229 | D        | Killed a death yak
  1231 | D        | Killed a yak
  1232 | D        | Killed a yak
  1360 | D        | Noticed an orc priest
  1360 | D        | Noticed an orc priest
  1360 | D        | Noticed an orc warrior
  1361 | D        | Noticed an orc wizard
  1365 | D        | Noticed an orc wizard
  1373 | D        | Killed an orc warrior
  1379 | D        | Noticed an orc wizard
  1380 | D        | Killed an orc priest
  1386 | D        | Noticed an orc priest
  1386 | D        | Killed an orc priest
  1387 | D        | Noticed an orc wizard
  1396 | D        | Killed an orc wizard
  1403 | D        | Killed an orc wizard
  1407 | D        | Killed an orc wizard
  1412 | D        | Killed an orc priest
  1412 | D        | Reached skill level 5 in Shields
  1415 | D        | Killed an orc wizard
  1689 | D        | Noticed an orc warrior
  1689 | D        | Noticed an orc warrior
  1689 | D        | Noticed an orc warrior
  1689 | D        | Noticed an orc warrior
  1689 | D        | Noticed an orc warrior
  1689 | D        | Noticed an orc warrior
  1691 | D        | Killed an orc warrior
  1692 | D        | Killed an orc warrior
  1693 | D        | Noticed an orc warrior
  1694 | D        | Noticed an orc knight
  1695 | D        | Killed an orc warrior
  1696 | D        | Killed an orc warrior
  1697 | D        | Noticed an orc warrior
  1700 | D        | Noticed an orc warrior
  1702 | D        | Noticed an orc priest
  1704 | D        | Killed an orc warrior
  1724 | D        | Killed an orc knight
  1724 | D        | Reached XP level 11. HP: 56/101 MP: 28/28
  1730 | D        | Killed an orc warrior
  1740 | D        | Killed an orc warrior
  1751 | D        | Killed an orc warrior
  1763 | D        | Killed an orc warrior
  1763 | D        | Reached skill level 10 in Shields
  1765 | D        | Killed an orc priest
  2050 | D        | Found Shriricui's Food Boutique.
  2050 | D        | Noticed an orc knight
  2050 | D        | Noticed an orc sorcerer
  2057 | D        | Killed an orc sorcerer
  2058 | D        | Found Waqiq's Antique Weapon Shop.
  2064 | D        | Noticed an orc high priest
  2072 | D        | Killed an orc knight
  2076 | D        | Found Graxkid's Armour Boutique.
  2077 | D        | Noticed a sun demon
  2083 | D        | Killed a sun demon
  2096 | D        | Killed an orc high priest
  2115 | D        | Found Huip Ara's Antique Armour Shop.
  2117 | D        | Noticed an orc high priest
  2118 | D        | Noticed an orc high priest
  2119 | D        | Noticed an orc sorcerer
  2120 | D        | Noticed an ice devil
  2129 | D        | Killed an orc high priest
  2129 | D        | Reached skill level 15 in Armour
  2133 | D        | Killed an ice devil
  2153 | D        | Killed an orc high priest
  2163 | D        | Killed an orc sorcerer
  2182 | D        | Bought a pair of embroidered gloves for 121 gold pieces
  2184 | D        | Bought a +0 cloak of invisibility for 138 gold pieces
  2186 | D        | Bought a dazzling great sword for 356 gold pieces
  2215 | D        | Identified the cursed +3 great sword of Psoileroisu {speed, Str+3 Dex+2} (You bought it in a shop in the Dungeon)
  2276 | D        | Noticed Harold
  2301 | D        | Killed Harold
  2468 | D        | Noticed an ice beast
  2468 | D        | Noticed a vampire mosquito
  2468 | D        | Noticed a giant frog
  2468 | D        | Noticed an ogre mage
  2468 | D        | Noticed a shadow
  2468 | D        | Noticed an orc knight
  2468 | D        | Noticed a gargoyle
  2471 | D        | Noticed a fire giant
  2471 | D        | Killed a gargoyle
  2472 | D        | Noticed a hill giant
  2492 | D        | Killed an orc knight
  2493 | D        | Killed a shadow
  2494 | D        | Noticed an ice dragon
  2504 | D        | Noticed a minotaur
  2505 | D        | Killed a giant frog
  2506 | D        | Noticed a stone giant
  2508 | D        | Killed a vampire mosquito
  2513 | D        | Noticed a salamander
  2515 | D        | Killed an ice beast
  2529 | D        | Killed a hill giant
  2592 | D        | Killed a fire giant
  2592 | D        | Reached XP level 12. HP: 47/118 MP: 29/29
  2600 | D        | Killed an ice dragon
  2610 | D        | Killed a minotaur
  2610 | D        | Reached skill level 15 in Fighting
  2878 | D        | Killed a stone giant
  3085 | D        | Noticed a fire dragon
  3095 | D        | Killed a fire dragon
  3198 | D        | Noticed a stone giant
  3199 | D        | Noticed a stone giant
  3209 | D        | Killed a stone giant
  3223 | D        | Killed a stone giant
  3435 | D        | Noticed Frances
  3455 | D        | Killed Frances
  3490 | D        | Noticed a naga warrior
  3490 | D        | Noticed a shock serpent
  3490 | D        | Noticed a greater naga
  3490 | D        | Noticed a naga
  3490 | D        | Noticed a naga mage
  3490 | D        | Noticed a naga sharpshooter
  3490 | D        | Noticed a naga warrior
  3503 | D        | Killed a naga warrior
  3516 | D        | Killed a greater naga
  3516 | D        | Reached skill level 19 in Armour
  3532 | D        | Killed a shock serpent
  3838 | D        | Killed a naga mage
  3838 | D        | Reached skill level 1 in Dodging
  3852 | D        | Killed a naga sharpshooter
  3919 | D        | Noticed a black mamba
  3920 | D        | Noticed a naga mage
  3934 | D        | Killed a black mamba
  3943 | D        | Killed a naga
  3976 | D        | Killed a naga mage
  3976 | D        | Reached skill level 5 in Dodging
  4035 | D        | Killed a naga warrior
  4035 | D        | Reached XP level 13. HP: 132/132 MP: 30/30
  4099 | D        | Noticed a water moccasin
  4099 | D        | Noticed an insubstantial wisp
  4099 | D        | Noticed a raven
  4099 | D        | Noticed an insubstantial wisp
  4099 | D        | Noticed a giant leech
  4099 | D        | Noticed a shambling mangrove
  4107 | D        | Killed a shambling mangrove
  4111 | D        | Killed a giant leech
  4111 | D        | Killed an insubstantial wisp
  4111 | D        | Killed an insubstantial wisp
  4113 | D        | Noticed a spriggan rider
  4114 | D        | Noticed a hornet
  4116 | D        | Killed a raven
  4123 | D        | Killed a water moccasin
  4130 | D        | Killed a spriggan rider
  4130 | D        | Killed a wasp
  4135 | D        | Killed a hornet
  4151 | D        | Noticed an orb spider
  4151 | D        | Noticed a scorpion
  4151 | D        | Noticed a wolf spider
  4151 | D        | Noticed a wolf spider
  4151 | D        | Noticed a tarantella
  4151 | D        | Noticed a jumping spider
  4152 | D        | Noticed an orb spider
  4155 | D        | Killed a tarantella
  4161 | D        | Killed a wolf spider
  4165 | D        | Killed a wolf spider
  4167 | D        | Killed a scorpion
  4181 | D        | Killed an orb spider
  4183 | D        | Noticed a trapdoor spider
  4188 | D        | Killed a trapdoor spider
  4190 | D        | Noticed a trapdoor spider
  4195 | D        | Killed a jumping spider
  4196 | D        | Killed a trapdoor spider
  4201 | D        | Killed an orb spider
  4201 | D        | Reached skill level 10 in Dodging
  4203 | D        | Noticed a merfolk
  4203 | D        | Noticed a merfolk
  4203 | D        | Noticed a merfolk impaler
  4203 | D        | Noticed a manticore
  4203 | D        | Noticed a siren
  4203 | D        | Noticed a faun
  4203 | D        | Noticed a snapping turtle
  4211 | D        | Killed a snapping turtle
  4211 | D        | Reached skill level 1 in Evocations
  4220 | D        | Killed a siren
  4221 | D        | Killed a faun
  4224 | D        | Noticed a merfolk
  4226 | D        | Killed a merfolk impaler
  4227 | D        | Killed a manticore
  4227 | D        | Reached skill level 5 in Evocations
  4227 | D        | Killed a merfolk
  4229 | D        | Killed a merfolk
  4234 | D        | Noticed a siren
  4242 | D        | Killed a merfolk
  4246 | D        | Killed a siren
  4370 | D        | Noticed an ettin
  4370 | D        | Noticed an ice dragon
  4370 | D        | Noticed a deep elf knight
  4370 | D        | Noticed a stone giant
  4370 | D        | Noticed an ogre mage
  4370 | D        | Noticed a death yak
  4370 | D        | Noticed a stone giant
  4387 | D        | Noticed a yaktaur captain
  4392 | D        | Killed a stone giant
  4393 | D        | Noticed a hell knight
  4405 | D        | Killed a death yak
  4406 | D        | Noticed a spriggan berserker
  4411 | D        | Killed an ogre mage
  4412 | D        | Noticed a white very ugly thing
  4421 | D        | Killed a stone giant
  4424 | D        | Killed a deep elf knight
  4425 | D        | Noticed a fire dragon
  4440 | D        | Killed an ice dragon
  4446 | D        | Noticed an ogre mage
  4450 | D        | Killed a hell knight
  4457 | D        | Killed an ettin
  4667 | D        | Killed a yaktaur captain
  4864 | D        | Killed a white very ugly thing
  4864 | D        | Reached skill level 15 in Invocations
  5077 | D        | Killed a fire dragon
  5086 | D        | Killed a spriggan berserker
  5097 | D        | Killed an ogre mage
  5127 | D        | Noticed a death yak
  5144 | D        | Killed a death yak
  5160 | D        | Noticed a stone giant
  5161 | D        | Noticed a deep elf summoner
  5162 | D        | Noticed a great orb of eyes
  5163 | D        | Noticed a yaktaur
  5173 | D        | Killed a stone giant
  5173 | D        | Reached XP level 14. HP: 116/140 MP: 32/32
  5181 | D        | Killed a great orb of eyes
  5184 | D        | Killed a yaktaur
  5215 | D        | Killed a deep elf summoner
  5235 | D        | Noticed an ogre mage
  5235 | D        | Noticed a mottled dragon
  5235 | D        | Noticed a centaur warrior
  5235 | D        | Noticed an ogre mage
  5235 | D        | Noticed a mottled dragon
  5235 | D        | Noticed a slime creature
  5235 | D        | Noticed an ironbrand convoker
  5240 | D        | Killed an ironbrand convoker
  5245 | D        | Killed a slime creature
  5246 | D        | Noticed a vault sentinel
  5247 | D        | Noticed a boulder beetle
  5251 | D        | Killed an ogre mage
  5252 | D        | Killed a vault sentinel
  5253 | D        | Killed a mottled dragon
  5254 | D        | Noticed an ironbrand convoker
  5255 | D        | Noticed a vault sentinel
  5259 | D        | Killed a centaur warrior
  5262 | D        | Noticed a great orb of eyes
  5265 | D        | Noticed a redback
  5265 | D        | Killed a mottled dragon
  5267 | D        | Noticed a hippogriff
  5276 | D        | Killed a boulder beetle
  5277 | D        | Noticed a phantasmal warrior
  5279 | D        | Killed an ogre mage
  5285 | D        | Killed an ironbrand convoker
  5287 | D        | Noticed a vault sentinel
  5289 | D        | a hippogriff changed into a yaktaur
  5290 | D        | Noticed a white very ugly thing
  5292 | D        | Killed a phantasmal warrior
  5294 | D        | Noticed an ettin
  5296 | D        | Noticed a vault warden
  5299 | D        | Killed a vault sentinel
  5303 | D        | Paralysed by a great orb of eyes for 6 turns
  5304 | D        | Noticed an orc knight
  5312 | D        | Killed a great orb of eyes
  5314 | D        | Killed a redback
  5327 | D        | Killed a vault sentinel
  5334 | D        | Killed a white very ugly thing
  5344 | D        | Killed an ettin
  5344 | D        | Reached skill level 15 in Dodging
  5358 | D        | Killed a vault warden
  5366 | D        | Killed an orc knight
  5563 | D        | Killed an ogre mage
  5693 | D        | Got the +1 demon blade "Zashru" {pain, -Cast Str+5}
  5698 | D        | Got the +0 executioner's axe of Bloody Death {venom, rElec Str+4 Dex-3 Stlth+}
  5700 | D        | Got the +1 demon blade of Reun {freeze, Int+3}
  5712 | D        | Got the +0 hat "Umirokhlu" {rC++ Int-3 Stlth+}
  5866 | D        | Noticed a greater naga
  5866 | D        | Noticed a greater naga
  5866 | D        | Noticed a greater naga
  5866 | D        | Noticed a greater naga
  5866 | D        | Noticed a greater naga
  5866 | D        | Noticed a guardian serpent
  5866 | D        | Noticed a naga warrior
  5868 | D        | Noticed a naga mage
  5873 | D        | Killed a naga mage
  5881 | D        | Noticed a greater naga
  5883 | D        | Killed a naga warrior
  5889 | D        | Noticed a greater naga
  5891 | D        | Killed a greater naga
  5917 | D        | Killed a greater naga
  5926 | D        | Killed a guardian serpent
  5932 | D        | Killed a greater naga
  5935 | D        | Killed a greater naga
  5938 | D        | Killed a greater naga
  5943 | D        | Killed a greater naga
  5950 | D        | Killed a greater naga
  5951 | D        | Noticed a greater naga
  5952 | D        | Noticed a guardian serpent
  5954 | D        | Noticed a greater naga
  5964 | D        | Killed a greater naga
  5966 | D        | Killed a greater naga
  5966 | D        | Reached XP level 15. HP: 97/147 MP: 32/32
  5971 | D        | Killed a guardian serpent
  5980 | D        | Got a serpentine rune of Zot
  6126 | D        | Noticed an emperor scorpion
  6126 | D        | Noticed a demonic crawler
  6126 | D        | Noticed a jumping spider
  6126 | D        | Noticed a jumping spider
  6126 | D        | Noticed a wolf spider
  6129 | D        | Killed a wolf spider
  6130 | D        | Killed a jumping spider
  6132 | D        | Killed a jumping spider
  6140 | D        | Killed a demonic crawler
  6155 | D        | Killed an emperor scorpion
  6158 | D        | Noticed a ghost moth
  6158 | D        | Noticed a ghost moth
  6170 | D        | Killed a ghost moth
  6170 | D        | Reached skill level 20 in Dodging
  6178 | D        | Killed a ghost moth
  6179 | D        | Noticed an emperor scorpion
  6180 | D        | Noticed a redback
  6198 | D        | Killed an emperor scorpion
  6200 | D        | Killed a redback
  6202 | D        | Noticed a demonic crawler
  6203 | D        | Noticed a moth of wrath
  6204 | D        | Noticed a moth of wrath
  6204 | D        | Noticed a wolf spider
  6211 | D        | Killed a demonic crawler
  6214 | D        | Killed a moth of wrath
  6215 | D        | Killed a moth of wrath
  6218 | D        | Killed a wolf spider
  6220 | D        | Got a gossamer rune of Zot
  6326 | D        | Noticed Ilsuiw
  6326 | D        | Noticed a merfolk
  6326 | D        | Noticed a merfolk impaler
  6326 | D        | Noticed a merfolk aquamancer
  6326 | D        | Noticed a merfolk impaler
  6326 | D        | Noticed a merfolk javelineer
  6326 | D        | Noticed a merfolk
  6333 | D        | Killed a merfolk aquamancer
  6337 | D        | Noticed a merfolk impaler
  6338 | D        | Killed a merfolk javelineer
  6338 | D        | Killed a merfolk impaler
  6338 | D        | Reached skill level 21 in Dodging
  6340 | D        | Killed Ilsuiw
  6340 | D        | Killed a merfolk impaler
  6341 | D        | Noticed a merfolk javelineer
  6343 | D        | Noticed a merfolk impaler
  6344 | D        | Killed a merfolk impaler
  6344 | D        | Killed a merfolk
  6348 | D        | Noticed a merfolk impaler
  6352 | D        | Killed a merfolk javelineer
  6368 | D        | Killed a merfolk impaler
  6369 | D        | Noticed a merfolk aquamancer
  6370 | D        | Noticed a merfolk aquamancer
  6384 | D        | Killed a merfolk impaler
  6393 | D        | Killed a merfolk aquamancer
  6397 | D        | Killed a merfolk
  6399 | D        | Killed a merfolk aquamancer
  6404 | D        | Got a barnacled rune of Zot
  6641 | D        | Noticed a spriggan rider
  6641 | D        | Noticed an eight-headed hydra
  6641 | D        | Noticed an eight-headed hydra
  6641 | D        | Noticed an eight-headed hydra
  6641 | D        | Noticed a four-headed hydra
  6641 | D        | Noticed a swamp dragon
  6641 | D        | Noticed a swamp drake
  6643 | D        | Noticed a swamp dragon
  6647 | D        | Killed a swamp drake
  6650 | D        | Killed a swamp dragon
  6652 | D        | Noticed a swamp drake
  6653 | D        | Killed a one-headed hydra
  6656 | D        | Noticed a four-headed hydra
  6656 | D        | Killed a five-headed hydra
  6659 | D        | Noticed a four-headed hydra
  6659 | D        | Killed a five-headed hydra
  6667 | D        | Killed a three-headed hydra
  6671 | D        | Killed a spriggan
  6673 | D        | Killed a wasp
  6674 | D        | Noticed a seven-headed hydra
  6676 | D        | Killed a swamp dragon
  6677 | D        | Killed a swamp drake
  6681 | D        | Noticed a four-headed hydra
  6682 | D        | Killed a one-headed hydra
  6687 | D        | Killed a one-headed hydra
  6690 | D        | Killed a four-headed hydra
  6696 | D        | Killed a one-headed hydra
  6701 | D        | Got a decaying rune of Zot
  6814 | D        | Noticed a vault guard
  6814 | D        | Noticed a vault guard
  6814 | D        | Noticed a vault guard
  6814 | D        | Noticed a vault guard
  6814 | D        | Noticed a vault guard
  6814 | D        | Noticed a vault guard
  6814 | D        | Noticed a vault guard
  6824 | D        | Noticed a vault guard
  6826 | D        | Killed a vault guard
  6827 | D        | Noticed a vault guard
  6837 | D        | Killed a vault guard
  6847 | D        | Killed a vault guard
  6850 | D        | Noticed a vault guard
  6858 | D        | Killed a vault guard
  6859 | D        | Noticed a vault guard
  6864 | D        | Noticed a vault guard
  6867 | D        | Killed a vault guard
  6873 | D        | Killed a vault guard
  6882 | D        | Noticed a vault guard
  6882 | D        | Killed a vault guard
  6892 | D        | Killed a vault guard
  6896 | D        | Killed a vault guard
  6898 | D        | Killed a vault guard
  6901 | D        | Killed a vault guard
  6906 | D        | Killed a vault guard
  6906 | D        | Reached skill level 22 in Long Blades
  6913 | D        | Killed a vault guard
  6913 | D        | Reached XP level 16. HP: 155/155 MP: 33/33
  6914 | D        | Noticed a vault guard
  6915 | D        | Noticed a vault guard
  6916 | D        | Noticed a vault guard
  6917 | D        | Noticed a vault guard
  6919 | D        | Noticed a vault guard
  6922 | D        | Killed a vault guard
  6923 | D        | Noticed a vault guard
  6925 | D        | Noticed a vault guard
  6929 | D        | Noticed a vault guard
  6931 | D        | Killed a vault guard
  6932 | D        | Noticed a vault guard
  6937 | D        | Killed a vault guard
  6940 | D        | Killed a vault guard
  6940 | D        | Reached skill level 23 in Long Blades
  6954 | D        | Killed a vault guard
  6958 | D        | Killed a vault guard
  6971 | D        | Killed a vault guard
  6980 | D        | Killed a vault guard
  6986 | D        | Killed a vault guard
  6986 | D        | Reached skill level 24 in Long Blades
  6994 | D        | Noticed a vault guard
  6995 | D        | Noticed a vault guard
  6996 | D        | Noticed a vault guard
  7002 | D        | Killed a vault guard
  7013 | D        | Killed a vault guard
  7019 | D        | Killed a vault guard
  7072 | D        | Noticed a lich
  7072 | D        | Noticed a tentacled monstrosity
  7072 | D        | Noticed an ironbrand convoker
  7072 | D        | Noticed a frost giant
  7072 | D        | Noticed a yaktaur captain
  7072 | D        | Noticed an ettin
  7076 | D        | Killed an ettin
  7079 | D        | Noticed an orc knight
  7087 | D        | Killed a yaktaur captain
  7087 | D        | Reached skill level 25 in Long Blades
  7091 | D        | Killed a frost giant
  7092 | D        | Noticed a vault warden
  7093 | D        | Noticed an ironheart preserver
  7098 | D        | Noticed an ogre mage
  7102 | D        | Killed a shadow wraith
  7108 | D        | Killed an ironbrand convoker
  7109 | D        | Noticed a shadow dragon
  7117 | D        | Killed a tentacled monstrosity
  7118 | D        | Noticed a war gargoyle
  7124 | D        | Killed a lich
  7134 | D        | Killed an orc knight
  7140 | D        | Killed a vault warden
  7142 | D        | Noticed a shadow dragon
  7143 | D        | Killed an ironheart preserver
  7147 | D        | Killed an ogre mage
  7151 | D        | HP: 1/160 [shadow dragon/bolt of negative energy (30)]
  7153 | D        | Noticed a frost giant
  7162 | D        | Killed a shadow dragon
  7164 | D        | Killed from afar by a war gargoyle

Action                   |  1- 3 |  4- 6 |  7- 9 | 10-12 | 13-15 | 16-18 || total
-------------------------+-------+-------+-------+-------+-------+-------++-------
Melee: Long sword        |    38 |     3 |       |       |       |       ||    41
       Scimitar          |       |    11 |    89 |   275 |       |       ||   375
       Great sword       |       |       |       |    95 |   654 |   157 ||   906
Invok: Greater Servant o |       |       |     1 |     5 |     9 |     1 ||    16
Evoke: Wand              |       |     3 |       |     3 |       |     1 ||     7
  Use: Potion            |     1 |       |     1 |     4 |     7 |     1 ||    14
       Scroll            |       |       |       |     4 |     8 |     1 ||    13
 Stab: Distracted        |       |       |       |       |     1 |       ||     1
       Confused          |       |       |       |       |     1 |       ||     1
  Eat: Chunk             |       |       |     1 |     6 |     6 |     1 ||    14
       Bread ration      |       |       |       |     1 |     1 |       ||     2
